 Dungeon Crawl Stone Soup version 0.28.0-47-ge53b351184 (webtiles) character file.

Game seed: 5337344954698546801

77 pkoi the Ruffian (level 3, -2/29 HPs)
             Began as a Demigod Gladiator on May 3, 2022.
             Killed by divine providence
             ... invoked by an orc priest
              (11 damage)
             ... on level 3 of the Dungeon.
             The game lasted 00:02:55 (3872 turns).

pkoi the Ruffian (Demigod Gladiator)                Turns: 3872, Time: 00:02:56

Health: -2/29      AC: 11    Str: 19    XL:     3   Next: 92%
Magic:  5/5        EV:  6    Int: 10    God:
Gold:   63         SH:  0    Dex: 15    Spells: 2/2 levels left

rFire   . . .      SeeInvis .   g - +0 dagger (speed)
rCold   . . .      Faith    .   (no shield)
rNeg    . . .      Spirit   .   k - +0 plate armour
rPois   .          Reflect  .   b - +0 helmet
rElec   .          Harm     .   (no cloak)
rCorr   .          Rampage  .   (no gloves)
Will    .....                   (no boots)
Stlth   ..........              (no amulet)
HPRegen 0.09/turn               (no ring)
MPRegen 0.09/turn               (no ring)

@: no status effects
A: high MP 1, forlorn, divine attributes
a: no special abilities


You were on level 3 of the Dungeon.
You visited 1 branch of the dungeon, and saw 3 of its levels.

You collected 63 gold pieces.

Inventory:

Hand Weapons
 d - a +1 dagger
 g - a +0 dagger of speed (weapon)
 i - a +0 short sword
Missiles
 c - 3 throwing nets
 f - 5 poisoned darts (quivered)
 h - 6 curare-tipped darts
Armour
 b - a +0 helmet (worn)
 k - a +0 plate armour (worn)
Scrolls
 l - a scroll of noise {unknown}
Potions
 a - a potion of invisibility {unknown}
 e - a potion of attraction {unknown}
 j - a potion of heal wounds {unknown}
 m - a potion of cancellation {unknown}


   Skills:
 - Level 1.7 Fighting
 - Level 1.7 Throwing
 + Level 1.1 Armour
 - Level 2.6 Dodging
 * Level 4.3 Unarmed Combat


You had 2 spell levels left.
You didn't know any spells.
Your spell library was empty.

Dungeon Overview and Level Annotations

Branches:
Dungeon (3/15)


Innate Abilities, Weirdness & Mutations

You have an increased reservoir of magic. (+10% MP)
You shall have no god before yourself.
Your divine heritage dramatically boosts your attributes as you level up.


Message History

You hit the orc priest but do no damage.
The orc priest is heavily wounded.
The orc priest hits you but does no damage.
You hit the orc priest.
The orc priest is heavily wounded.
The orc priest hits you but does no damage.
You hit the orc priest but do no damage.
The orc priest is heavily wounded.
You hit the orc priest but do no damage.
The orc priest is heavily wounded.
The orc priest barely misses you.
You hit the orc priest but do no damage.
The orc priest is heavily wounded.
The orc priest hits you with a +0 flail.
* * * LOW HITPOINT WARNING * * *
You closely miss the orc priest.
The orc priest is heavily wounded.
You closely miss the orc priest.
The orc priest is heavily wounded.
The orc priest hits you with a +0 flail.
* * * LOW HITPOINT WARNING * * *
You hit the orc priest but do no damage.
The orc priest is heavily wounded.
The orc priest begins to cast a cantrip, but forgets the words!
You closely miss the orc priest.
The orc priest is heavily wounded.
You hit the orc priest but do no damage.
The orc priest is heavily wounded.
The orc priest looks satisfied for a moment.
You hit the orc priest but do no damage.
The orc priest is heavily wounded.
The orc priest hits you with a +0 flail.
* * * LOW HITPOINT WARNING * * *
You closely miss the orc priest.
The orc priest is heavily wounded.
You hit the orc priest but do no damage.
The orc priest is heavily wounded.
The orc priest calls down the wrath of Beogh upon you.
Beogh smites you!
You die...

....#...........
.......รท........
................
........######## ####.##.# #
#.##.# ####.##.#
############# #..#.##.#
#...........# #..#.##)#
#...o@.<###.#
...#.##.####.......###.######
..##.#...............#......#
.....#...###.......#.#.####.#
..####...# #.......#.#....#.#
.## #..^# #.......#.#.##.#.#
.#####...# #.......#.#.##.#.#
...o.....# #.......#.#....#.#
.........# #.......#.######.#


You could see an orc priest.

Vanquished Creatures
  An adder (D:2)
  A worm (D:2)
  2 dart slugs (D:1)
  3 orcs
  4 bats
  6 endoplasms
  A giant cockroach (D:1)
  3 goblins
  7 hobgoblins
  7 jackals (D:3)
  5 kobolds
  A quokka (D:1)
  8 ball pythons
  A frilled lizard (D:2)
  A rat (D:1)
51 creatures vanquished.

Notes
Turn   | Place    | Note
-------+----------+-------------------------------------------
     0 | D:1      | pkoi the Demigod Gladiator began the quest for the Orb.
     0 | D:1      | Reached XP level 1. HP: 17/17 MP: 3/3
   146 | D:1      | Reached skill level 3 in Unarmed Combat
   611 | D:1      | Reached XP level 2. HP: 24/24 MP: 4/4
  2062 | D:2      | Reached XP level 3. HP: 24/29 MP: 5/5
  2318 | D:2      | Reached skill level 4 in Unarmed Combat
  3227 | D:3      | Reached skill level 1 in Armour
  3872 | D:3      | Killed from afar by an orc priest

Illustrated notes

Levels and vault maps discovered:
D:1:      kennysheep_arrival_seaside, layout_basic
D:2:      layout_rooms, hellmonk_ecumenical_altar_crossroads
D:3:      layout_basic, minmay_misc_feat_five, uniq_robin

Skill      XL: |  1  2  3 |
---------------+----------+-----
Unarmed Combat | 3 4 |  4.3
Armour         | 1 |  1.1
Fighting       | |  1.7
Throwing       | |  1.7
Dodging        | |  2.6

Action                   || total
-------------------------++-------
Melee: Unarmed           ||    17
       Dagger            ||   243
       Punch             ||     9
  Use: Scroll            ||     1
 Stab: Sleeping          ||     1
Armor: Leather armour    ||    28
       Plate armour      ||    98
Dodge: Dodged            ||    94
